 Dungeon Crawl Stone Soup version 0.26.0-10-g1f06aea511 (webtiles) character file.

Game seed: 6743544531925326479

5714 mopl the Sneak (level 10, -1/63 HPs)
             Began as a Demonspawn Enchanter on Jan 21, 2021.
             Was a Believer of Dithmenos.
             Slain by a six-headed hydra (12 damage)
             ... on level 1 of the Lair of Beasts.
             The game lasted 00:27:06 (11333 turns).

mopl the Sneak (Demonspawn Enchanter)              Turns: 11333, Time: 00:27:07

Health: -1/63      AC:  7    Str: 15    XL:     10   Next: 48%
Magic:  16/18      EV: 13    Int: 22    God:    Dithmenos [**....]
Gold:   18         SH:  6    Dex: 25    Spells: 2/20 levels left

rFire    + . .     SeeInvis +   a - +2 dagger of Zin's Envy {venom, Int+3 SInv}
rCold    . . .     Faith    .   L - +0 buckler
rNeg     . . .     Spirit   .   T - +1 robe of the Flute {rF+ Dex+5}
rPois    .         Reflect  .   (no helmet)
rElec    .         Harm     .   f - +0 cloak
rCorr    .         Rampage  .   Q - +1 pair of gloves
Will     .....                  y - +0 pair of boots
Stlth    +++++++++.             B - amulet of regeneration
HPRegen  0.60/turn              z - +6 ring of strength
MPRegen  0.16/turn              (no ring)

@: very slightly contaminated, wreathed by umbra
A: thin skeletal structure 3, demonic guardian 1, powered by death 1
a: Renounce Religion, Shadow Step


You were on level 1 of the Lair of Beasts.
You worshipped Dithmenos.
Dithmenos was pleased with you.
You visited 3 branches of the dungeon, and saw 11 of its levels.
You also visited: Ossuary.

You collected 791 gold pieces.
You spent 773 gold pieces at shops.

Inventory:

Hand Weapons
 a - the +2 dagger of Zin's Envy (weapon) {venom, Int+3 SInv}
   (You found it on level 9 of the Dungeon)

   It poisons the flesh of those it strikes.
   It affects your intelligence (+3).
   It lets you see invisible.
 K - a +0 hunting sling
 Z - a +1 dagger of pain
Missiles
 d - 66 sling bullets
 j - 341 stones
 t - 12 boomerangs
 F - 13 poisoned darts (quivered)
Armour
 f - a +0 cloak (worn)
 y - a +0 pair of boots (worn)
 L - a +0 buckler (worn)
 Q - a +1 pair of gloves (worn)
 T - the +1 robe of the Flute (worn) {rF+ Dex+5}
   (You found it on level 9 of the Dungeon)

   It affects your dexterity (+5).
   It protects you from fire.
Jewellery
 z - a +6 ring of strength (left hand)
 B - an amulet of regeneration (around neck)
Wands
 p - a wand of flame (14)
 A - a wand of paralysis (7)
 G - a wand of digging (5)
 I - a wand of acid (10)
 N - a wand of disintegration (40)
 R - a wand of enslavement (5)
Scrolls
 c - 3 scrolls of magic mapping {unknown}
 l - 3 scrolls of enchant armour {unknown}
 n - 7 scrolls of teleportation
 o - 10 scrolls of remove curse
 s - 3 scrolls of blinking
 u - 3 scrolls of random uselessness {unknown}
 w - 5 scrolls of amnesia {unknown}
 x - 3 scrolls of fog
 P - 2 scrolls of noise {unknown}
 U - a scroll of vulnerability {unknown}
 V - a scroll of summoning
 X - a scroll of identify
Potions
 e - 6 potions of curing
 g - 2 potions of might
 h - 2 potions of heal wounds
 k - 3 potions of haste
 m - a potion of magic
 q - 4 potions of flight
 v - 2 potions of resistance
 E - 2 potions of cancellation
 H - a potion of berserk rage {!q}
 S - a potion of lignification {!q}
Miscellaneous
 b - a condenser vane


   Skills:
 + Level 5.4 Short Blades
 - Level 1.7 Dodging
 * Level 6.7 Stealth
 + Level 3.1 Shields
 + Level 5.8 Spellcasting
 - Level 4.0 Conjurations
 + Level 6.5 Hexes
 - Level 4.0 Translocations
 + Level 1.2 Transmutations
 - Level 5.0 Ice Magic
 + Level 1.3 Earth Magic
 + Level 4.4 Invocations


You had 2 spell levels left.
You knew the following spells:

 Your Spells              Type           Power        Failure   Level
a - Corona                Hex            38%          1%          1
b - Ensorcelled Hibernat  Hex/Ice        62%          1%          2
c - Confusing Touch       Hex            35%          1%          3
d - Tukima's Dance        Hex            35%          1%          3
e - Blink                 Tloc           N/A          3%          2
g - Dazzling Flash        Conj/Hex       58%          3%          3
p - Passwall              Tmut/Erth      10%          9%          2
s - Slow                  Hex            35%          1%          2

Your spell library contained the following spells:

 Spells                   Type           Power        Failure   Level
 Magic Dart               Conj           92%          1%          1
 Sandblast                Erth           24%          6%          1
 Call Imp                 Summ           6%           16%         2
 Stone Arrow              Conj/Erth      36%          11%         3
 Conjure Flame            Conj/Fire      15%          14%         3
 Mephitic Cloud           Conj/Pois/Air  12%          19%         3
 Petrify                  Tmut/Erth      12%          52%         4
 Lee's Rapid Deconstruct  Erth           6%           85%         5


Dungeon Overview and Level Annotations

Branches:
Dungeon (9/15)             Temple (1/1) D:7            Lair (1/6) D:8
    Orc (0/2) D:9         Ossuary (visited)

Altars:
Cheibriados
Dithmenos
Fedhas
Gozag
Hepliaklqana
Kikubaaqudgha
Nemelex Xobeh
Qazlal
Ru
Trog
Yredelemnul
Zin
The Shining One
Beogh

Shops:
D:6 ?[   D:7 =   D:9 ?

Annotations:
D:3 exclusion: phantom
D:4 2 transporters, Jaiteiro's ghost, novice GnFi
D:7 2 transporters
D:8 1 runed translucent door, Raspi's ghost, novice TeGl


Innate Abilities, Weirdness & Mutations

You have an unnaturally thin skeletal structure. (Dex +6, Stealth++)
A weak demonic guardian rushes to your aid.
You regenerate a little health from kills.


Message History

The six-headed hydra completely misses you.
The six-headed hydra closely misses you.
The six-headed hydra bites you. The six-headed hydra bites you!
The six-headed hydra bites you.
You hit the six-headed hydra.
The six-headed hydra is lightly wounded.
You block the six-headed hydra's attack. x2
The six-headed hydra bites you!
The six-headed hydra bites you but does no damage.
The six-headed hydra closely misses you.
The six-headed hydra bites you!
Casting: Ensorcelled Hibernation (safe; 1% risk of failure)
Confirm with . or Enter, or press ? or * to list all spells.
You miscast Blink.
You are very lightly contaminated with residual magic.
Nothing appears to happen.
The six-headed hydra bites you!
* * * LOW HITPOINT WARNING * * *
The six-headed hydra closely misses you.
The six-headed hydra bites you!
You die...

......................#
.....................##
.....................#
.....................#
.....................#
......."<............#
................5....#
.....................#
................@....#
................D....#
.....................#
...#P####.#.##P##..###
..### ########.## .. .#
. .# ##


You could see a six-headed hydra and a friendly ufetubus (summoned).

Vanquished Creatures
  A cane toad (Lair:1)
  A komodo dragon (D:7)
  A troll (D:9)
  A hornet (D:9)
  5 orc warriors
  An ice beast (D:8)
  A black bear (D:8)
  2 necrophages
  7 ogres
  3 centaurs
  2 phantoms
  A lemure (D:8)
  6 bullfrogs
  5 water moccasin zombies (Ossuary)
  3 scorpions
  4 killer bees (D:8)
  2 electric eels (D:6)
  A howler monkey (D:4)
  A wight (D:9)
  A centaur zombie (D:5)
  A bullfrog skeleton (D:9)
  7 hounds
  6 orc wizards
  5 orc priests
  3 centaur skeletons
  Ijyb (D:5)
  3 iguanas
  5 worker ants
  2 big kobold zombies (Ossuary)
  2 hound skeletons
  2 mummies (Ossuary)
  3 worker ant zombies
  A gnoll (D:5)
  A howler monkey skeleton (D:9)
  10 adders
  A shadow imp (D:8)
  3 white imps
  2 ufetubi
  An ooze (D:4)
  3 adder zombies (Ossuary)
  3 adder skeletons
  10 dart slugs
  8 leopard geckos
  37 orcs
  A ball python (D:3)
  3 giant cockroaches
  4 gnoll zombies (Ossuary)
  3 goblins
  6 hobgoblins
  14 jackals
  8 kobolds
  A quokka (D:6)
  10 bats
  5 frilled lizards
  5 hobgoblin zombies (Ossuary)
  A jackal zombie (D:5)
  5 kobold zombies (Ossuary)
  A leopard gecko skeleton (D:5)
  2 orc zombies (Ossuary)
  A quokka skeleton (D:4)
  A quokka zombie (D:8)
  2 rats
242 creatures vanquished.

Vanquished Creatures (collateral kills)
  Pikel (D:8)
  An orc warrior (D:9)
  A killer bee (D:8)
  An ogre (D:6)
  2 wights (D:9)
  An electric eel (D:6)
  A centaur skeleton (D:4)
  2 orc wizards
  An adder (D:4)
  A dart slug (D:6)
  4 orcs (D:9)
  A quokka (D:6)
  A kobold zombie (Ossuary)
18 creatures vanquished.

Vanquished Creatures (others)
  A killer bee (D:8)
  A dart slug (D:6)
  5 withered plants (D:8)
7 creatures vanquished.

Grand Total: 267 creatures vanquished

Notes
Turn   | Place    | Note
-------+----------+-------------------------------------------
     0 | D:1      | mopl the Demonspawn Enchanter began the quest for the Orb.
     0 | D:1      | Reached XP level 1. HP: 13/13 MP: 3/3
     2 | D:1      | Noticed a naga
     2 | D:1      | Noticed a demigod
     4 | D:1      | Noticed a minotaur
     4 | D:1      | Noticed an octopode
     6 | D:1      | Noticed a draconian
     8 | D:1      | Noticed a dwarf
    10 | D:1      | Noticed a centaur
    10 | D:1      | Noticed a vampire
    12 | D:1      | Noticed a demonspawn
    12 | D:1      | Noticed a merfolk
    14 | D:1      | Noticed a felid
    14 | D:1      | Noticed a vine stalker
    16 | D:1      | Noticed a formicid
    18 | D:1      | Noticed a ghoul
    20 | D:1      | Noticed an ogre
    20 | D:1      | Noticed a halfling
    22 | D:1      | Noticed a gargoyle
    22 | D:1      | Noticed a spriggan
    24 | D:1      | Noticed a human
    24 | D:1      | Noticed a troll
    26 | D:1      | Noticed an elf
    26 | D:1      | Noticed a tengu
   144 | D:1      | Reached skill level 1 in Short Blades
   529 | D:1      | Gained mutation: You have a somewhat thin skeletal
                  | structure. (Dex +2, Stealth) [demonic ancestry]
   529 | D:1      | Reached XP level 2. HP: 16/19 MP: 5/5
   532 | D:1      | Learned a level 2 spell: Ensorcelled Hibernation
  1066 | D:1      | Reached skill level 3 in Stealth
  1404 | D:2      | Gained mutation: You regenerate a little health from kills.
                  | [demonic ancestry]
  1404 | D:2      | Reached XP level 3. HP: 23/24 MP: 6/6
  1408 | D:2      | Learned a level 3 spell: Tukima's Dance
  1576 | D:2      | Reached skill level 1 in Ice Magic
  2108 | D:2      | Found a faded altar of an unknown god.
  2116 | D:2      | Became a worshipper of Ru the Awakened
  2117 | D:2      | Fell from the grace of Ru
  2311 | D:3      | Noticed a phantom
  2316 | D:3      | Found a basalt altar of Yredelemnul.
  2421 | D:2      | Reached XP level 4. HP: 18/30 MP: 0/7
  3424 | D:3      | Reached skill level 2 in Short Blades
  3652 | D:3      | Gained mutation: A weak demonic guardian rushes to your
                  | aid. [demonic ancestry]
  3652 | D:3      | Reached XP level 5. HP: 35/35 MP: 9/9
  4456 | D:4      | Learned a level 3 spell: Confusing Touch
  4457 | D:4      | Noticed an ogre
  4472 | D:4      | Killed an ogre
  4473 | D:4      | Reached skill level 3 in Spellcasting
  4687 | D:4      | Reached skill level 4 in Hexes
  4687 | D:4      | Reached skill level 2 in Ice Magic
  4782 | D:4      | Reached XP level 6. HP: 41/41 MP: 5/10
  5163 | D:4      | Reached skill level 4 in Stealth
  5242 | D:4      | Found a transporter.
  5248 | D:4      | Found a transporter.
  5248 | D:4      | Noticed Jaiteiro's ghost (novice GnFi)
  5276 | D:4      | Learned a level 2 spell: Blink
  5663 | D:4      | Found an opulent altar of Gozag.
  5696 | D:4      | Reached skill level 3 in Short Blades
  5820 | D:4      | Reached XP level 7. HP: 46/46 MP: 12/12
  5868 | D:5      | Entered Level 5 of the Dungeon
  6060 | D:5      | Noticed Ijyb
  6069 | D:5      | Killed Ijyb
  6070 | D:5      | Reached skill level 1 in Translocations
  6548 | D:5      | Reached skill level 3 in Ice Magic
  6735 | D:5      | Reached skill level 4 in Spellcasting
  6813 | D:5      | Reached XP level 8. HP: 52/52 MP: 6/14
  6820 | D:5      | Learned a level 3 spell: Dazzling Flash
  6838 | D:5      | Reached skill level 5 in Hexes
  6838 | D:5      | Reached skill level 2 in Translocations
  7131 | D:6      | Reached skill level 5 in Stealth
  7155 | D:6      | Reached skill level 1 in Conjurations
  7189 | D:6      | Found Wagi's Magic Scroll Shoppe.
  7197 | D:6      | Bought a scroll of fog for 22 gold pieces
  7197 | D:6      | Bought a scroll of blinking for 82 gold pieces
  7197 | D:6      | Bought a scroll of immolation for 38 gold pieces
  7197 | D:6      | Bought a scroll of enchant weapon for 82 gold pieces
  7197 | D:6      | Bought a scroll of identify for 22 gold pieces
  7394 | D:6      | Reached skill level 4 in Short Blades
  7414 | D:6      | Found Tasiragia's Armour Shop.
  7617 | D:6      | Found an ancient bone altar of Kikubaaqudgha.
  7867 | D:6      | Found a sparkling altar of Nemelex Xobeh.
  8246 | D:7      | Reached skill level 2 in Conjurations
  8246 | D:7      | Reached skill level 4 in Ice Magic
  8272 | D:7      | Found a transporter.
  8275 | D:7      | Noticed a kobold demonologist
  8316 | D:7      | Found a staircase to the Ecumenical Temple.
  8325 | Temple   | Entered the Ecumenical Temple
  8340 | Temple   | Became a worshipper of Dithmenos the Shadowed
  8449 | D:7      | Reached skill level 3 in Translocations
  8563 | D:7      | Found a sand-covered staircase.
  8606 | D:7      | Reached skill level 1 in Invocations
  8606 | D:7      | Gained mutation: You have a moderately thin skeletal
                  | structure. (Dex +4, Stealth+) [demonic ancestry]
  8606 | D:7      | Reached XP level 9. HP: 53/57 MP: 16/16
  8640 | Ossuary  | Entered an ossuary
  8722 | Ossuary  | Reached skill level 1 in Shields
  8833 | Ossuary  | Reached skill level 5 in Spellcasting
  8836 | Ossuary  | Reached * piety under Dithmenos
  9187 | D:7      | Noticed a komodo dragon
  9192 | D:7      | Killed a komodo dragon
  9193 | D:7      | Reached skill level 2 in Invocations
  9246 | D:7      | Found a transporter.
  9250 | D:7      | Found Qazak's Jewellery Shop.
  9258 | D:7      | Bought a cursed amulet of inaccuracy for 30 gold pieces
  9400 | D:8      | Reached skill level 2 in Shields
  9441 | D:8      | Learned a level 2 spell: Slow
  9459 | D:8      | Found a staircase to the Lair.
  9489 | D:8      | Reached skill level 3 in Conjurations
  9489 | D:8      | Reached skill level 6 in Hexes
  9553 | D:8      | Reached ** piety under Dithmenos
  9603 | D:8      | Noticed Pikel
  9638 | D:8      | Killed Pikel
  9639 | D:8      | Reached skill level 5 in Short Blades
  9639 | D:8      | Reached skill level 6 in Stealth
  9639 | D:8      | Reached skill level 3 in Invocations
  9758 | D:8      | Gained mutation: You have an unnaturally thin skeletal
                  | structure. (Dex +6, Stealth++) [demonic ancestry]
  9758 | D:8      | Reached XP level 10. HP: 56/63 MP: 13/18
  9786 | D:8      | Reached skill level 4 in Translocations
 10072 | D:8      | Learned a level 2 spell: Passwall
 10117 | D:8      | Found a runed translucent door.
 10119 | D:8      | Noticed a frost giant
 10119 | D:8      | Noticed Raspi's ghost (novice TeGl)
 10350 | D:9      | Got a brightly glowing robe
 10378 | D:9      | Identified the +1 robe of the Flute {rF+ Dex+5} (You found
                  | it on level 9 of the Dungeon)
 10401 | D:9      | Reached skill level 5 in Ice Magic
 10632 | D:9      | Found Ibroameb's Magic Scroll Shop.
 10635 | D:9      | Bought a scroll of teleportation for 42 gold pieces
 10635 | D:9      | Bought a scroll of summoning for 133 gold pieces
 10635 | D:9      | Bought a scroll of brand weapon for 280 gold pieces
 10635 | D:9      | Bought a scroll of teleportation for 42 gold pieces
 10804 | D:9      | Found a roughly hewn altar of Beogh.
 10804 | D:9      | Found a staircase to the Orcish Mines.
 10811 | D:9      | Reached skill level 4 in Invocations
 10875 | D:9      | Reached skill level 3 in Shields
 10895 | D:9      | Reached skill level 1 in Earth Magic
 11024 | D:9      | Reached *** piety under Dithmenos
 11025 | D:9      | Reached skill level 1 in Transmutations
 11186 | D:9      | Got an encrusted dagger
 11187 | D:9      | Identified the +2 dagger of Zin's Envy {venom, Int+3 SInv}
                  | (You found it on level 9 of the Dungeon)
 11271 | Lair:1   | Entered Level 1 of the Lair of Beasts
 11271 | Lair:1   | Noticed a cane toad
 11273 | Lair:1   | Killed a cane toad
 11302 | Lair:1   | Reached skill level 4 in Conjurations
 11325 | Lair:1   | Noticed a six-headed hydra
 11333 | Lair:1   | Slain by a six-headed hydra

Illustrated notes

Levels and vault maps discovered:
D:1:      kb_arrival_jail, layout_loops_corners
D:2:      layout_loops_ring, chequers_ecumenical_altar_simple
D:3:      minmay_door_path, layout_basic, yredelemnul_altar_generic
D:4:      layout_cave_pods, nicolae_gozag_cash_rules_everything_around_me,
          gammafunk_ghost_arena
D:5:      kennysheep_windowed_halls, layout_basic, uniq_ijyb
D:6:      kennysheep_slugbush, layout_cave_pods, serial_shops,
          nicolae_shop_crystal, shop_scrolls, skrybe_limestone_x,
          hangedman_feature_mirror
D:7:      gammafunk_wand_slinger, layout_rooms, minmay_temple_entry_mist,
          nicolae_ossuary_entry_false_entrances, serial_shops, shop
D:8:      layout_loops_ring, serial_undead, serial_undead_e, serial_undead_e,
          serial_undead_d, serial_undead_c, ebering_ghost_inner_flame,
          uniq_pikel
D:9:      layout_gridville, david_orc_5, serial_shops, kennysheep_mini_moat,
          nicolae_straight_to_the_point
Temple:   grunt_wide_crystal_templ
Lair:1:   layout_gridlike

Skill      XL: |  1  2  3  4  5  6  7  8  9 10 |
---------------+-------------------------------+-----
Short Blades   | 1 2 3 4 5 |  5.4
Stealth        | 3 4 5 6 |  6.7
Ice Magic      | 1 2 3 4 5 |  5.0
Spellcasting   | 3 4 5 |  5.8
Hexes          | 4 5 6 |  6.5
Translocations | 1 3 4 |  4.0
Conjurations   | 2 3 4 |  4.0
Invocations    | 1 3 4 |  4.4
Shields        | 2 3 |  3.1
Earth Magic    | 1 |  1.3
Transmutations | 1 |  1.2
Dodging        | |  1.7

Action                   |  1- 3 |  4- 6 |  7- 9 | 10-12 || total
-------------------------+-------+-------+-------+-------++-------
Melee: Dagger            |   117 |   170 |   697 |   240 ||  1224
 Cast: Corona            |    11 |     1 |     1 |       ||    13
       Ensorcelled Hiber |    12 |    25 |    49 |    24 ||   110
       Tukima's Dance    |       |     1 |     1 |     3 ||     5
       Confusing Touch   |       |     2 |     7 |     1 ||    10
       Dazzling Flash    |       |       |     3 |       ||     3
       Passwall          |       |       |       |     2 ||     2
Invok: Renounce Religion |     1 |       |       |       ||     1
Evoke: Wand              |       |       |       |     4 ||     4
  Use: Scroll            |     4 |       |    10 |       ||    14
       Potion            |     1 |       |     2 |       ||     3
 Stab: Sleeping          |    14 |    21 |    47 |    19 ||   101
       Distracted        |       |     1 |     4 |       ||     5
       Confused          |       |     1 |     9 |     1 ||    11
Armor: Robe              |    27 |    14 |    81 |    28 ||   150
Dodge: Dodged            |    76 |    68 |   298 |   129 ||   571
Block: Other             |     4 |    33 |     6 |       ||    43
       Reflection        |       |       |     1 |       ||     1
       Buckler           |       |       |     6 |    58 ||    64
